AoeStats
← castilla_602

Black Forest

509984714Analyzed
2v2 RM · 2d ago on Sep 28, 2026· 53m 41s· 4 players
Game mode
Random Map
Map size
Medium (4 player)
Population
200
Speed
Normal
Resources
Standard
Victory
Conquest
Starting age
Dark Age
Ending age
Imperial Age
RankedLock teamsTeams togetherTeam positionsShared explorationLock speedFull tech treeHidden civsTurbo modeCheats
Victory
Defeat
🇦🇷 Spanish · Argentina
482
+11
🇺🇾 Italians · Uruguay
444
+12
🇺🇸 Inca · United States
377
-12
🇺🇸 Inca · United States
352
-11
castilla_602
12:11 Feudal Age
19:59 Castle Age
18:14 Man-at-Arms
19:06 Forging
20:26 Wheelbarrow
19:44 Double-Bit Axe
19:43 Horse Collar
23:08 Horse Collar
23:30 Long Swordsman
23:55 Gambesons
24:49 Iron Casting
24:15 Scale Mail Armor
24:56 Gold Mining
27:55 Hand Cart
27:52 Stone Mining
30:32 Chain Mail Armor
30:33 Heavy Plow
30:48 Bow Saw
30:59 Scale Barding Armor
31:44 Stone Shaft Mining
33:34 Chain Barding Armor
33:20 Town Watch
37:05 Imperial Age
34:41 Town Patrol
36:24 Caravan
36:55 Coinage
39:38 Chemistry
40:36 Banking
40:17 Guilds
40:38 Two-Handed Swordsman
48:09 Champion
49:52 Blast Furnace
49:23 Plate Mail Armor
49:29 Plate Barding Armor
martiinniicolas21
12:09 Feudal Age
12:39 Double-Bit Axe
17:43 Horse Collar
20:32 Scale Mail Armor
22:47 Castle Age
23:34 Heavy Plow
23:48 Bow Saw
25:29 Chain Mail Armor
27:56 Forging
27:54 Scale Barding Armor
28:40 Husbandry
35:17 Pikeman
36:11 Fletching
36:25 Padded Archer Armor
39:37 Imperial Age
37:45 Wheelbarrow
38:00 Ballistics
37:53 Gold Mining
41:33 Hand Cart
41:33 Squires
42:42 Chemistry
41:25 Treadmill Crane
42:06 Elite Genoese Crossbowman
42:26 Elite Genoese Crossbowman
_zpecial_
15:57 Feudal Age
17:16 Wheelbarrow
16:45 Horse Collar
23:17 Castle Age
21:59 Double-Bit Axe
22:08 Gold Mining
22:10 Stone Mining
22:31 Scale Mail Armor
22:42 Forging
24:16 Hand Cart
25:17 Heavy Plow
26:08 Pikeman
26:52 Squires
28:23 Bow Saw
28:48 Stone Shaft Mining
28:49 Gold Shaft Mining
33:19 Imperial Age
34:58 Heavy Scorpion
38:31 Elite Kamayuk
39:16 Fabric Shields
43:58 Capped Ram
47:09 Chain Mail Armor
47:31 Iron Casting
47:01 Padded Archer Armor
iiBluzzi
17:24 Feudal Age
18:02 Double-Bit Axe
18:03 Horse Collar
22:28 Loom
26:31 Castle Age
27:40 Bow Saw
27:54 Heavy Plow
28:07 Gold Mining
29:23 Wheelbarrow
29:24 Stone Mining
30:26 Gold Shaft Mining
30:58 Stone Shaft Mining
36:40 Imperial Age
36:28 Scale Mail Armor
36:41 Forging
37:15 Elite Kamayuk
43:52 Onager
47:59 Crop Rotation
Connection lost

Rejoining the realm…

Still unreachable

The connection could not be restored.

Session expired

The server has moved on; the page needs a fresh start.